[Event "French-ch Youth U12 2022"]
[Site "Agen"]
[Date "2022.04.18"]
[Round "2.1"]
[White "Herman, Eliot"]
[Black "Khoury, Theo"]
[Result "1-0"]
[ECO "B23"]
[WhiteElo "1389"]
[BlackElo "1878"]
[Annotator "NA RC"]
[PlyCount "53"]
[EventDate "2022.04.17"]
[EventType "swiss"]
[EventCountry "FRA"]
[SourceTitle "playchess.com"]
[Source "ChessBase"]
[SourceQuality "1"]
[TimeControl "5400+30"]

1. e4 c5 2. Nc3 d6 3. d4 cxd4 4. Qxd4 Nc6 5. Qd2 g6 6. b3 Bh6 7. f4 Nf6 8. Bb2 O-O 9. O-O-O e5 10. Nge2 Nd4 11. g3 Bg4 12. Kb1 Re8 13. Bg2 Rc8 14. Rc1 Nxe2 15. Nxe2 Bxe2 16. Qxe2 exf4 17. Rcf1 d5 18. e5 fxg3 19. hxg3 Bg7 20. Qf2 Ng4 21. Qxf7+ Kh8 22. Qxg6 Nh6 23. Rxh6 Bxh6 24. Qxh6 Rc7 25. e6+ Kg8 26. Bf6 Ree7 27. Qg5+ 1-0

[Event "French-ch Youth U12 2022"]
[Site "Agen"]
[Date "2022.04.18"]
[Round "2.2"]
[White "Boulos, Paul"]
[Black "Six, Robert"]
[Result "1/2-1/2"]
[ECO "C48"]
[WhiteElo "1691"]
[BlackElo "1496"]
[Annotator "NA RC"]
[PlyCount "96"]
[EventDate "2022.04.17"]
[EventType "swiss"]
[EventCountry "FRA"]
[SourceTitle "playchess.com"]
[Source "ChessBase"]
[SourceQuality "1"]
[TimeControl "5400+30"]

1. e4 e5 2. Nf3 Nc6 3. Nc3 Nf6 4. Bb5 Nd4 5. O-O c6 6. Bc4 d5 7. exd5 cxd5 8. Nxd4 dxc4 9. Nf3 Bd6 10. Re1 Bg4 11. d4 cxd3 12. Qxd3 Bxf3 13. Qxf3 Qb6 14. Qf5 O-O 15. Bg5 Bc7 16. Re3 Qe6 17. Qf3 Bb6 18. Re2 Qg4 19. Qxg4 Nxg4 20. h3 Nxf2 21. Kh2 f5 22. Bh4 Ne4 23. Nxe4 fxe4 24. Rxe4 Rf4 25. Rae1 Bf2 26. Bxf2 Rxf2 27. Rxe5 Rxc2 28. Rb5 b6 29. Re7 h6 30. Rb4 Kf8 31. Rd7 Rc6 32. Rg4 g5 33. Re4 a5 34. Rh7 Kg8 35. Rb7 Rac8 36. Kg3 Rf8 37. Ree7 Rg6 38. Kg4 Rf4+ 39. Kh5 Rc6 40. g3 Rff6 41. Re8+ Rf8 42. Rxf8+ Kxf8 43. Rh7 Rc2 44. Rxh6 Rxb2 45. a4 b5 46. axb5 Rxb5 47. Kg4 Kg7 48. Ra6 Rc5 1/2-1/2

[Event "French-ch Youth U12 2022"]
[Site "Agen"]
[Date "2022.04.18"]
[Round "2.3"]
[White "Samouh, Justin"]
[Black "Charlier, Antoine"]
[Result "1/2-1/2"]
[ECO "C90"]
[WhiteElo "1498"]
[BlackElo "1855"]
[Annotator "NA RC"]
[PlyCount "96"]
[EventDate "2022.04.17"]
[EventType "swiss"]
[EventCountry "FRA"]
[SourceTitle "playchess.com"]
[Source "ChessBase"]
[SourceQuality "1"]
[TimeControl "5400+30"]

1. e4 e5 2. Nf3 Nc6 3. Bb5 a6 4. Ba4 Nf6 5. O-O Be7 6. Re1 b5 7. Bb3 d6 8. c3 O-O 9. d3 Na5 10. Bc2 c5 11. Nbd2 Re8 12. Nf1 Bf8 13. Ne3 g6 14. a3 Nc6 15. Bb3 Be6 16. Bxe6 Rxe6 17. Nd5 h6 18. Be3 Re8 19. Nxf6+ Qxf6 20. b4 a5 21. Qb3 Reb8 22. Reb1 Kg7 23. h3 Kg8 24. Qd5 Ne7 25. Qb3 a4 26. Qa2 Nc6 27. Qd5 Ra6 28. Qa2 Kg7 29. Qd2 Kh7 30. Rb2 Qe6 31. Rab1 c4 32. Rd1 d5 33. dxc4 dxc4 34. Qc1 Rd8 35. Rbd2 Raa8 36. Rxd8 Rxd8 37. Rxd8 Nxd8 38. Qd2 Qd6 39. Nxe5 Qxe5 40. Qxd8 Bg7 41. Qd4 Qe8 42. Qd2 Qxe4 43. f3 Qb1+ 44. Kh2 Qb3 45. Bd4 Qxa3 46. Bxg7 Kxg7 47. Qd4+ Kh7 48. Qf6 Kg8 1/2-1/2

[Event "French-ch Youth U12 2022"]
[Site "Agen"]
[Date "2022.04.18"]
[Round "2.4"]
[White "Auribault, Louis"]
[Black "Petrichenko, Maxim"]
[Result "1-0"]
[ECO "C00"]
[WhiteElo "1836"]
[BlackElo "1389"]
[Annotator "NA RC"]
[PlyCount "135"]
[EventDate "2022.04.17"]
[EventType "swiss"]
[EventCountry "FRA"]
[SourceTitle "playchess.com"]
[Source "ChessBase"]
[SourceQuality "1"]
[TimeControl "5400+30"]

1. e4 e6 2. d4 d5 3. Bd3 dxe4 4. Bxe4 Nf6 5. Bf3 c5 6. Ne2 Nc6 7. Be3 cxd4 8. Nxd4 Ne5 9. Nc3 Be7 10. O-O a6 11. Qe2 O-O 12. Rad1 Qc7 13. Rfe1 Bd7 14. Bf4 Nxf3+ 15. Qxf3 Qb6 16. Be5 Rfd8 17. Qg3 Rac8 18. Ne4 Ne8 19. Nb3 Bc6 20. Nc3 Bf6 21. h3 Bxe5 22. Qxe5 Nf6 23. Qa5 Qxa5 24. Nxa5 Rxd1 25. Rxd1 Kf8 26. Nc4 Ke7 27. Nb6 Rc7 28. Kf1 Nd7 29. Nxd7 Rxd7 30. Rxd7+ Kxd7 31. g3 Bf3 32. Ke1 Kc6 33. Kd2 b5 34. b4 Kd6 35. Ke3 Bd5 36. a3 f5 37. h4 e5 38. f4 e4 39. Kd4 Bc4 40. Nd1 g6 41. Ne3 Be6 42. c3 h6 43. Nd1 Bc4 44. Nf2 Be6 45. g4 Bd7 46. gxf5 gxf5 47. Nh1 Be8 48. Ng3 Bg6 49. Nf1 Bf7 50. Ne3 Be6 51. h5 Bd7 52. c4 bxc4 53. Nxc4+ Ke6 54. Nd2 Be8 55. Nb3 Bxh5 56. Nc5+ Kd6 57. Nxa6 Be2 58. Nc5 h5 59. Ke3 Bg4 60. Nb3 h4 61. Nd2 h3 62. Nf1 Bf3 63. Nh2 Bg2 64. Kf2 Kd5 65. b5 Kc5 66. a4 Kb4 67. b6 Kxa4 68. Ke3 1-0

[Event "French-ch Youth U12 2022"]
[Site "Agen"]
[Date "2022.04.18"]
[Round "2.6"]
[White "Allard Nedellec, Anna"]
[Black "Horsot, Maeva"]
[Result "1-0"]
[ECO "B31"]
[WhiteElo "1514"]
[BlackElo "1118"]
[Annotator "NA RC"]
[PlyCount "69"]
[EventDate "2022.04.17"]
[EventType "swiss"]
[EventCountry "FRA"]
[SourceTitle "playchess.com"]
[Source "ChessBase"]
[SourceQuality "1"]
[TimeControl "5400+30"]

1. e4 c5 2. Nf3 Nc6 3. Bb5 g6 4. Bxc6 bxc6 5. O-O Bg7 6. c3 e6 7. d4 cxd4 8. cxd4 Ne7 9. Nc3 O-O 10. b3 Ba6 11. Re1 d5 12. Ba3 Re8 13. e5 Qa5 14. Bb2 Rab8 15. Na4 Nf5 16. Rc1 Rec8 17. Bc3 Qb5 18. Nc5 Rc7 19. Qd2 Bh6 20. Ng5 Re7 21. a4 Qb6 22. f4 Rc8 23. Ba5 Qb8 24. Nxa6 Qxb3 25. Nc5 Qb8 26. Rb1 Qa8 27. g4 Ng7 28. Rb2 Rb8 29. Reb1 Rxb2 30. Qxb2 Ne8 31. Qb8 Qxb8 32. Rxb8 a6 33. Nb7 Bf8 34. Bb4 Rxb7 35. Rxb7 1-0

[Event "French-ch Youth U12 2022"]
[Site "Agen"]
[Date "2022.04.18"]
[Round "3.1"]
[White "Lefrancois, Jean"]
[Black "Auribault, Louis"]
[Result "1-0"]
[ECO "D10"]
[WhiteElo "1476"]
[BlackElo "1836"]
[Annotator "NA RC"]
[PlyCount "73"]
[EventDate "2022.04.17"]
[EventType "swiss"]
[EventCountry "FRA"]
[SourceTitle "playchess.com"]
[Source "ChessBase"]
[SourceQuality "1"]
[TimeControl "5400+30"]

1. d4 d5 2. c4 c6 3. Nc3 Nf6 4. Bf4 e6 5. e3 Bd6 6. Bg3 O-O {[%emt 0:00:23] 6...0-0 scores better than 6...Bxg3.} 7. Nf3 a6 8. Bd3 dxc4 9. Bxc4 b5 10. Bd3 c5 11. Ne4 Bxg3 12. hxg3 {[%emt 0:00:25] [#]} ({Of course not} 12. fxg3 $6 cxd4 13. Nxf6+ (13. exd4 Nbd7 $11) (13. Nxd4 Bb7 $15) 13... Qxf6 $11) 12... Nbd7 $146 ({Predecessor:} 12... h6 13. Nxf6+ Qxf6 14. g4 g5 15. Rc1 cxd4 16. exd4 Bb7 17. Rc5 Bd5 18. b3 Kg7 19. Bb1 Nd7 20. Rc7 Nb6 21. Qd3 Qg6 22. Qxg6+ Kh8 23. Qh7# {1-0 (23) Mayeregger,G (1561)-Vasquez Jaen,L (1410) Tornelo INT 2020}) 13. Qc2 h6 14. Nxc5 (14. dxc5 $18 Bb7 15. Nd6 (15. c6 Rc8 $16) 15... Bxf3 16. gxf3) 14... Nxc5 15. dxc5 Bb7 (15... Qa5+ $16 {keeps fighting.} 16. Kf1 Bb7) 16. O-O Qd5 17. Rfd1 Qh5 18. Nh2 ({Better is} 18. c6 $18 Rac8 19. Nd4 (19. cxb7 Rxc2 20. Bxc2 Qc5 $17)) 18... Rac8 19. b4 Qg5 20. e4 e5 21. a4 Bc6 22. axb5 axb5 23. Qe2 Rfd8 24. Bxb5 Bxe4 25. Ba6 Rxd1+ 26. Rxd1 Rc7 27. Nf3 Qf5 28. Nh4 Qe6 29. Bc4 Qc6 30. f3 Bd5 31. Bxd5 Nxd5 32. Qxe5 Nxb4 33. Rd8+ Kh7 34. Kh2 Na6 35. Rd6 Qxc5 36. Qe4+ f5 $18 (36... g6 $142 37. Rxa6 Qc4) 37. Qe6 1-0

[Event "French-ch Youth U12 2022"]
[Site "Agen"]
[Date "2022.04.18"]
[Round "3.2"]
[White "Martin, Nils"]
[Black "Kouam, Noe"]
[Result "1-0"]
[ECO "B01"]
[WhiteElo "1671"]
[BlackElo "1542"]
[Annotator "NA RC"]
[PlyCount "99"]
[EventDate "2022.04.17"]
[EventType "swiss"]
[EventCountry "FRA"]
[SourceTitle "playchess.com"]
[Source "ChessBase"]
[SourceQuality "1"]
[TimeControl "5400+30"]

1. e4 d5 2. exd5 Qxd5 3. Nc3 Qa5 4. Bc4 Nf6 5. d3 Bf5 6. Bd2 c6 7. Qe2 e6 8. h3 Qc7 9. g4 Bg6 10. f4 Be7 11. Nf3 Nbd7 12. O-O-O a5 13. Rde1 Nc5 14. a4 Rd8 15. f5 exf5 16. Ne5 Nd5 17. Nxd5 cxd5 18. Bb5+ Kf8 19. Bf4 Bd6 20. Nxg6+ fxg6 21. Bxd6+ Qxd6 22. Rhf1 f4 23. Kb1 g5 24. h4 h6 25. hxg5 hxg5 26. Rh1 Kf7 27. Rxh8 Rxh8 28. Be8+ Kf6 29. Qd2 Ne6 30. Bb5 b6 31. d4 f3 32. Qe3 Rh3 33. Qd3 g6 34. Rf1 Qf4 35. Bd7 Qe4 36. Qa3 Qxg4 37. Re1 f2 38. Rxe6+ Qxe6 39. Qf8+ Qf7 40. Qxf7+ Kxf7 41. Bxh3 g4 42. Bf1 Kf6 43. Kc1 Kf5 44. Kd2 Ke4 45. Ke2 g3 46. c3 g5 47. Bg2+ Kf4 48. Bxd5 g4 49. Bg2 f1=Q+ 50. Kxf1 1-0

[Event "French-ch Youth U12 2022"]
[Site "Agen"]
[Date "2022.04.18"]
[Round "3.3"]
[White "Ramazanov, Deniz"]
[Black "Breuil, Virgile"]
[Result "0-1"]
[ECO "C60"]
[WhiteElo "1507"]
[BlackElo "1829"]
[Annotator "NA RC"]
[PlyCount "68"]
[EventDate "2022.04.17"]
[EventType "swiss"]
[EventCountry "FRA"]
[SourceTitle "playchess.com"]
[Source "ChessBase"]
[SourceQuality "1"]
[TimeControl "5400+30"]

1. e4 e5 2. Nf3 Nc6 3. Bb5 Nge7 4. O-O g6 5. Re1 Bg7 6. c3 O-O 7. d4 exd4 8. cxd4 d5 9. e5 h6 10. h3 Nf5 11. Nc3 Be6 ({Better is} 11... Bd7) 12. Ne2 (12. Bxc6 $142 bxc6 13. Na4) 12... Nh4 13. Nxh4 Qxh4 14. Nf4 Qe7 ({Black should try} 14... Nd8) 15. Nxe6 Qxe6 16. Be3 f6 17. Bxc6 bxc6 18. exf6 Qxf6 $16 19. Qc2 ({White should play} 19. Rc1 $16) 19... Rae8 20. Rac1 Re6 21. Rf1 Kh7 22. Qd3 h5 23. Rc5 Rf7 24. Rc2 Bh6 25. Bxh6 Kxh6 26. f3 Rfe7 27. Rfc1 Kh7 28. Kf1 Re3 29. Qd2 Qf4 30. Kg1 Qg3 31. Kf1 Qh2 32. b3 h4 33. Qd1 R7e6 34. Rxc6 Rxc6 0-1

[Event "French-ch Youth U12 2022"]
[Site "Agen"]
[Date "2022.04.18"]
[Round "3.4"]
[White "Muller-Moingt, Bastien"]
[Black "Favauge, Elias"]
[Result "1/2-1/2"]
[ECO "B40"]
[WhiteElo "1696"]
[BlackElo "1400"]
[Annotator "NA RC"]
[PlyCount "105"]
[EventDate "2022.04.17"]
[EventType "swiss"]
[EventCountry "FRA"]
[SourceTitle "playchess.com"]
[Source "ChessBase"]
[SourceQuality "1"]
[TimeControl "5400+30"]

1. e4 c5 2. Nf3 e6 3. c3 d5 4. exd5 Qxd5 5. d4 Nc6 6. Be2 cxd4 7. cxd4 Nf6 8. O-O Bb4 9. Nc3 Bxc3 10. bxc3 O-O 11. Bb2 b6 12. Qc2 Bb7 13. Qa4 Na5 14. Qb5 Qxb5 15. Bxb5 Bd5 16. Ne5 Rfc8 17. Rfe1 Bc4 18. Bxc4 Nxc4 19. Nxc4 Rxc4 20. Rec1 Nd5 21. Ba3 Rac8 22. Kf1 Nxc3 23. Rc2 Nb5 24. Rxc4 Rxc4 25. Bb2 Rb4 26. Rc1 h6 27. Ba1 Nxd4 28. Ke1 Nc2+ 29. Rxc2 Rb1+ 30. Ke2 Rxa1 31. Kf3 b5 32. Rb2 a6 33. Ke4 a5 34. Kd4 Rh1 35. h3 Rc1 36. g3 b4 37. Ke5 Kf8 38. Kd6 Ke8 39. Rd2 Kf8 40. Rb2 g5 41. Ke5 Ke7 42. Rd2 f5 43. Re2 Rh1 44. Rc2 Re1+ 45. Kd4 e5+ 46. Kc5 Rd1 47. Kb6 Rd5 48. Rc7+ Ke6 49. Rh7 a4 50. Rxh6+ Kd7 51. Rh7+ Kd6 52. Rh6+ Kd7 53. Rh7+ 1/2-1/2

[Event "French-ch Youth U12 2022"]
[Site "Agen"]
[Date "2022.04.18"]
[Round "3.5"]
[White "Neel, Laura"]
[Black "Dubin, Lisa"]
[Result "1-0"]
[ECO "B07"]
[WhiteElo "1725"]
[BlackElo "1156"]
[Annotator "NA RC"]
[PlyCount "115"]
[EventDate "2022.04.17"]
[EventType "swiss"]
[EventCountry "FRA"]
[SourceTitle "playchess.com"]
[Source "ChessBase"]
[SourceQuality "1"]
[TimeControl "5400+30"]

1. e4 d6 2. d4 Nf6 3. Nc3 Nbd7 4. Nf3 e5 5. dxe5 dxe5 6. Bc4 Bc5 7. O-O c6 8. Bg5 b5 9. Bb3 O-O 10. Qe2 Qc7 11. Rad1 a5 12. a4 b4 13. Nb1 Ba6 14. Bc4 Bxc4 15. Qxc4 Ba7 16. b3 h6 17. Bh4 Nb6 18. Qe2 Qe7 19. Nbd2 Rac8 20. Nc4 Nxc4 21. Qxc4 c5 22. Qb5 Qc7 23. Qe2 c4 24. Nd2 cxb3 25. cxb3 Qc6 26. Kh1 Qc7 27. f3 Qc2 28. Qa6 Rfd8 29. Qxa7 Rxd2 30. Rxd2 Qxd2 31. Qxa5 Rc1 32. Qb5 Nh5 33. Bf2 Nf4 34. Rxc1 Qxc1+ 35. Bg1 Qb2 36. Qf1 Qxb3 37. a5 Qa2 38. a6 b3 39. a7 b2 40. Qb5 Kh7 41. a8=Q b1=Q 42. Qxa2 Qxb5 43. h3 Qf1 44. Kh2 Ne2 45. Be3 f6 46. Qd2 h5 47. h4 g5 48. Qd7+ Kg6 49. Qe8+ Kh7 50. Qe7+ Kg6 51. hxg5 fxg5 52. Qxg5+ Kf7 53. Qxh5+ Ke6 54. Qg6+ Kd7 55. Qf5+ Kd6 56. Qf6+ Kd7 57. Qg7+ Ke6 58. Bc5 1-0

[Event "French-ch Youth U12 2022"]
[Site "Agen"]
[Date "2022.04.18"]
[Round "3.8"]
[White "Lopneva, Christina"]
[Black "Alfano, Emilie"]
[Result "0-1"]
[ECO "D60"]
[WhiteElo "1118"]
[BlackElo "1635"]
[Annotator "NA RC"]
[PlyCount "92"]
[EventDate "2022.04.17"]
[EventType "swiss"]
[EventCountry "FRA"]
[SourceTitle "playchess.com"]
[Source "ChessBase"]
[SourceQuality "1"]
[TimeControl "5400+30"]

1. d4 d5 2. c4 e6 3. Nc3 Nf6 4. Bg5 Be7 5. e3 Nbd7 6. Nf3 O-O 7. Be2 b6 8. O-O Bb7 9. Bf4 c5 10. cxd5 Nxd5 11. Nxd5 Bxd5 12. Bg3 Nf6 13. Qd3 Ne4 14. Bf4 Rc8 15. Qa6 cxd4 16. exd4 Bd6 17. Be3 Bc7 18. Rac1 Qe7 19. Kh1 Ra8 20. Ne5 f6 21. Nc6 Qd6 22. f4 Bxc6 23. Qc4 Bd5 24. Qxc7 Bxa2 25. Bf3 Qxc7 26. Rxc7 Bd5 27. Ra1 a5 28. Bxe4 Bxe4 29. d5 Bxd5 30. Bxb6 Rfb8 31. Rxa5 Rxa5 32. Bxa5 Rxb2 33. h4 Rxg2 34. h5 Ra2+ 35. Kg1 Rxa5 36. Rc8+ Kf7 37. Rc7+ Ke8 38. Rxg7 Be4 39. h6 Rh5 40. Rg8+ Ke7 41. Rg7+ Kd6 42. Ra7 Rxh6 43. Ra6+ Kd5 44. Ra5+ Kd4 45. Ra6 Ke3 46. Rxe6 Rh1# 0-1

[Event "French-ch Youth U12 2022"]
[Site "Agen"]
[Date "2022.04.19"]
[Round "4.1"]
[White "Spinosi, Aurelien"]
[Black "Martin, Nils"]
[Result "1-0"]
[ECO "C77"]
[WhiteElo "1532"]
[BlackElo "1671"]
[Annotator "NA RC"]
[PlyCount "81"]
[EventDate "2022.04.17"]
[EventType "swiss"]
[EventCountry "FRA"]
[SourceTitle "playchess.com"]
[Source "ChessBase"]
[SourceQuality "1"]
[TimeControl "5400+30"]

1. e4 e5 2. Nf3 Nc6 3. Bb5 a6 4. Ba4 Nf6 5. d4 b5 6. Bb3 Nxd4 7. Nxd4 exd4 8. e5 Qe7 9. O-O Ne4 10. Bd5 Rb8 11. Bxe4 c5 12. Re1 g6 13. Bf4 Rb6 14. Qd2 Bg7 15. c3 O-O 16. cxd4 c4 17. Nc3 Bb7 18. Bxb7 Rxb7 19. Qe3 Qb4 20. Rab1 Qa5 21. Bh6 b4 22. Bxg7 Kxg7 23. Qf3 Rb6 24. Nd5 Rc6 25. Ne7 Re6 26. d5 Rb6 27. d6 f6 28. Qd5 Qxa2 29. exf6+ Rxf6 30. Qg8+ Kh6 31. Nd5 Rbxd6 32. Nxf6 Rxf6 33. Qd8 Rf7 34. Qh4+ Kg7 35. Qd4+ Kh6 36. Ra1 Qb3 37. Re3 Qc2 38. Rh3+ Kg5 39. Qh4+ Kf5 40. Rf3+ Ke6 41. Re1+ 1-0

[Event "French-ch Youth U12 2022"]
[Site "Agen"]
[Date "2022.04.19"]
[Round "4.2"]
[White "Breuil, Virgile"]
[Black "Motoyama, Wesley Winsen"]
[Result "0-1"]
[ECO "B22"]
[WhiteElo "1829"]
[BlackElo "1590"]
[Annotator "NA RC"]
[PlyCount "86"]
[EventDate "2022.04.17"]
[EventType "swiss"]
[EventCountry "FRA"]
[SourceTitle "playchess.com"]
[Source "ChessBase"]
[SourceQuality "1"]
[TimeControl "5400+30"]

1. e4 c5 2. c3 d5 3. exd5 Qxd5 4. Nf3 Nf6 5. d4 Bg4 6. Be2 e6 7. O-O Nc6 8. Be3 cxd4 9. cxd4 Be7 10. Nc3 Qd6 11. a3 O-O 12. Qb3 Rfd8 13. Rfd1 Nd5 14. Qxb7 Rab8 15. Qa6 Bxf3 16. Bxf3 Nxd4 17. Qxd6 Nxf3+ 18. gxf3 Bxd6 19. Nxd5 exd5 20. Rd2 Rb7 21. Rad1 Rbd7 22. Bd4 f6 23. b4 $11 Kf7 24. Kg2 Ke6 25. Rd3 Kf5 26. b5 Be5 27. Bc5 d4 28. a4 g5 29. a5 Rc8 30. Ba3 Rb7 31. Rb1 Rc3 32. Rxc3 dxc3 33. a6 c2 34. Rc1 Rxb5 35. Rxc2 Ra5 36. Bb4 Rxa6 37. Rc5 Ra4 38. Ba5 Ke6 39. Bd8 Ra2 40. Rc4 Kd7 41. f4 gxf4 42. Bxf6 Bxf6 43. Rxf4 Be7 0-1

[Event "French-ch Youth U12 2022"]
[Site "Agen"]
[Date "2022.04.19"]
[Round "4.3"]
[White "Rodriguez, Augustin"]
[Black "Bonelli Maestracci, Pierre Joseph"]
[Result "1/2-1/2"]
[ECO "B27"]
[WhiteElo "1662"]
[BlackElo "1629"]
[Annotator "NA RC"]
[PlyCount "206"]
[EventDate "2022.04.17"]
[EventType "swiss"]
[EventCountry "FRA"]
[SourceTitle "playchess.com"]
[Source "ChessBase"]
[SourceQuality "1"]
[TimeControl "5400+30"]

1. e4 c5 2. Nf3 g6 3. d4 cxd4 4. Qxd4 Nf6 5. e5 Nc6 6. Qa4 Nd5 7. Qe4 Nb6 8. Nc3 Bg7 9. Bf4 d5 10. exd6 Bf5 11. Qe2 O-O 12. Qd2 exd6 13. Bd3 Re8+ 14. Be3 Bxd3 15. Qxd3 d5 16. Ne2 Nc4 17. c3 Nxb2 18. Qb5 Nc4 19. O-O Nxe3 20. fxe3 Qe7 21. Rae1 Qxe3+ 22. Kh1 Qb6 23. Qxd5 Rad8 24. Qc4 Na5 25. Qf4 f5 26. Ned4 Rc8 27. h4 Nc6 28. h5 Nxd4 29. cxd4 Rxe1 30. Rxe1 Rd8 31. hxg6 hxg6 32. Rd1 Qd6 33. Qe3 Qd5 34. Qd2 Re8 35. Re1 Rxe1+ 36. Qxe1 Qe4 37. Qa5 Bf6 38. Qxa7 g5 39. Qb8+ Kg7 40. Qd6 g4 41. Qd7+ Kg6 42. Ne5+ Bxe5 43. dxe5 Qe1+ 44. Kh2 Qxe5+ 45. Kg1 g3 46. Kf1 Qa1+ 47. Ke2 Qxa2+ 48. Ke3 Qf2+ 49. Kd3 Qf1+ 50. Kc3 Qxg2 51. Qe8+ Kg5 52. Qg8+ Kf4 53. Qb8+ Kg4 54. Qg8+ Kf3 55. Qd5+ Kf2 56. Qd4+ Ke2 57. Qd2+ Kf1 58. Qd1+ Kf2 59. Qd4+ Ke1 60. Qe3+ Kd1 61. Qd4+ Kc1 62. Qe3+ Kd1 63. Qd3+ Ke1 64. Qb1+ Kf2 65. Qb6+ Ke1 66. Qb1+ Ke2 67. Qb5+ Kf3 68. Qxb7+ Kf2 69. Qb6+ Kf1 70. Qb1+ Kf2 71. Qb6+ Ke1 72. Qb1+ Ke2 73. Qb5+ Ke3 74. Qb6+ Kf4 75. Qb8+ Kg5 76. Qg8+ Kf6 77. Qd8+ Ke6 78. Qc8+ Kd6 79. Qb8+ Kc5 80. Qa7+ Kb5 81. Qb8+ Ka6 82. Qd6+ Ka7 83. Qc5+ Kb8 84. Qe5+ Kb7 85. Qb5+ Kc7 86. Qa5+ Kd6 87. Qb4+ Ke6 88. Qb6+ Ke7 89. Qc5+ Ke6 90. Qc8+ Kf6 91. Qd8+ Kg7 92. Qe7+ Kg6 93. Qe6+ Kg5 94. Qg8+ Kf4 95. Qb8+ Ke3 96. Qb6+ Kf4 97. Qb8+ Kg5 98. Qg8+ Kf6 99. Qd8+ Ke6 100. Qe8+ Kd6 101. Qb8+ Ke7 102. Qe5+ Kd8 103. Qb8+ Kd7 1/2-1/2

[Event "French-ch Youth U12 2022"]
[Site "Agen"]
[Date "2022.04.19"]
[Round "4.4"]
[White "Pleut, Mael"]
[Black "Lefrancois, Jean"]
[Result "0-1"]
[ECO "D31"]
[WhiteElo "1748"]
[BlackElo "1476"]
[Annotator "NA RC"]
[PlyCount "68"]
[EventDate "2022.04.17"]
[EventType "swiss"]
[EventCountry "FRA"]
[SourceTitle "playchess.com"]
[Source "ChessBase"]
[SourceQuality "1"]
[TimeControl "5400+30"]

1. d4 d5 2. c4 c6 3. Nc3 e6 4. e4 dxe4 5. Nxe4 Nf6 6. Nxf6+ Qxf6 7. Nf3 h6 8. Be2 Bd6 9. O-O O-O 10. Be3 Nd7 11. Qd2 e5 12. c5 Bc7 13. Rfd1 e4 14. Ne1 Qg6 15. Rac1 f5 16. Bf4 Bxf4 17. Qxf4 Nf6 18. Bc4+ Kh8 19. Qc7 Ne8 20. Qa5 Be6 21. d5 cxd5 22. Bxd5 Bxd5 23. Rxd5 Nf6 24. Rd6 Qg5 25. Rcd1 e3 26. f3 e2 27. R1d3 Ne4 28. Rd7 b6 29. cxb6 axb6 30. Qxb6 Qc1 31. Qb4 Rfb8 32. Rd8+ Rxd8 33. fxe4 Rxd3 34. Kf2 Qe3# 0-1

[Event "French-ch Youth U12 2022"]
[Site "Agen"]
[Date "2022.04.19"]
[Round "4.5"]
[White "Castagnerol, Cerise"]
[Black "Neel, Laura"]
[Result "1-0"]
[ECO "E62"]
[WhiteElo "1312"]
[BlackElo "1725"]
[Annotator "NA RC"]
[PlyCount "83"]
[EventDate "2022.04.17"]
[EventType "swiss"]
[EventCountry "FRA"]
[SourceTitle "playchess.com"]
[Source "ChessBase"]
[SourceQuality "1"]
[TimeControl "5400+30"]

1. d4 Nf6 2. Nf3 g6 3. g3 Bg7 4. Bg2 O-O 5. O-O d6 6. c4 c6 7. Nc3 Bf5 8. Re1 Ne4 9. Nh4 Nxc3 10. bxc3 Bd7 11. Ba3 Na6 12. Rb1 Rb8 13. Rb3 Nc7 14. c5 d5 15. Bb4 Qc8 16. a4 Bf6 17. Nf3 h5 18. e4 dxe4 19. Rxe4 Be6 20. Rb2 Bg4 21. Qe1 Bf5 22. Ree2 Kg7 23. Ne5 Rh8 24. Nf3 Bg4 25. Rec2 Bxf3 26. Bxf3 h4 27. Qe2 Qe8 28. Ba5 Ne6 29. Bg4 Ng5 30. f4 hxg3 31. hxg3 Ne6 32. Bxe6 fxe6 33. Qxe6 g5 34. fxg5 Bxg5 35. Bc7 Qh5 36. Be5+ Bf6 37. Qxe7+ Kg8 38. Qe6+ Kh7 39. Rh2 Qxh2+ 40. Rxh2+ Kg7 41. Qxf6+ Kg8 42. Rxh8# 1-0

[Event "French-ch Youth U12 2022"]
[Site "Agen"]
[Date "2022.04.19"]
[Round "4.8"]
[White "Maret, Anna"]
[Black "Bernard, Ines"]
[Result "1-0"]
[ECO "C01"]
[WhiteElo "1328"]
[BlackElo "1430"]
[Annotator "NA RC"]
[PlyCount "115"]
[EventDate "2022.04.17"]
[EventType "swiss"]
[EventCountry "FRA"]
[SourceTitle "playchess.com"]
[Source "ChessBase"]
[SourceQuality "1"]
[TimeControl "5400+30"]

1. e4 e6 2. d4 d5 3. exd5 exd5 4. Nf3 Bd6 5. Bd3 Ne7 6. O-O O-O 7. Re1 c6 8. Nbd2 Bf5 9. Rxe7 Bxd3 10. Rxb7 Bb5 11. a4 Qc8 12. Rxb8 Qxb8 13. axb5 Qxb5 14. Nf1 Rfe8 15. Ne3 Qb7 16. b3 Qd7 17. Ba3 Bf4 18. Qd3 Bxe3 19. fxe3 Qe6 20. Re1 a5 21. Nd2 a4 22. e4 axb3 23. Qxb3 dxe4 24. Rxe4 Qxb3 25. Rxe8+ Rxe8 26. Nxb3 Re2 27. c3 f6 28. Kf1 Ra2 29. Bb4 Ra6 30. Na5 Kf7 31. Ke2 Ke6 32. g4 g6 33. Kd3 f5 34. g5 Kd7 35. c4 Ke6 36. Nxc6 Ra2 37. d5+ Kd7 38. Ne5+ Kc8 39. d6 Ra1 40. c5 Ra4 41. Kc4 Ra1 42. Kb5 Rb1 43. Kc6 Rxb4 44. d7+ Kd8 45. Nf7+ Ke7 46. d8=Q+ Kxf7 47. Qf6+ Kg8 48. Qd8+ Kg7 49. Qe7+ Kg8 50. Kd5 Rb1 51. c6 Rd1+ 52. Ke6 Re1+ 53. Kf6 Rxe7 54. Kxe7 h6 55. c7 hxg5 56. c8=Q+ Kg7 57. Qc3+ Kh7 58. Kf7 1-0

[Event "French-ch Youth U12 2022"]
[Site "Agen"]
[Date "2022.04.20"]
[Round "5.1"]
[White "Lefrancois, Jean"]
[Black "Contie, Lilio"]
[Result "1/2-1/2"]
[ECO "E26"]
[WhiteElo "1476"]
[BlackElo "1606"]
[Annotator "NA RC COMBH"]
[PlyCount "130"]
[EventDate "2022.04.17"]
[EventType "swiss"]
[EventCountry "FRA"]
[SourceTitle "playchess.com"]
[Source "ChessBase"]
[SourceQuality "1"]
[TimeControl "5400+30"]

1. d4 Nf6 2. c4 e6 3. Nc3 Bb4 4. a3 Bxc3+ 5. bxc3 c5 6. e3 d5 7. Nf3 Nc6 8. Bd3 Qc7 9. O-O dxc4 10. Bxc4 e5 11. d5 e4 12. Bb5 exf3 13. dxc6 bxc6 14. Qxf3 Bb7 15. Bd3 Rd8 16. e4 O-O 17. Bf4 Qa5 18. Bc2 c4 19. Rab1 Bc8 20. Rb4 Bg4 21. Qe3 Qh5 22. f3 Be6 23. Qxa7 Ra8 24. Qe7 Rfe8 25. Qd6 Rxa3 26. Rb8 Ra8 27. Rxa8 Rxa8 28. Rb1 Kh8 29. Qxc6 Qa5 30. Bc7 Qa2 31. Qxa8+ Qxa8 32. Rb8+ Qxb8 33. Bxb8 Nd7 34. Bd6 Nb6 35. Bc7 Nd7 36. Bd6 Nb6 37. Kf2 f5 38. Ke3 fxe4 39. fxe4 Bg4 40. h3 Bh5 41. g4 Bf7 42. Kd4 Be6 43. Bc7 Nd7 44. e5 g6 45. Ba4 h5 46. Bxd7 Bxd7 47. gxh5 gxh5 48. Kxc4 Bxh3 49. Bd8 Kg7 50. Kd5 Kf7 51. Kd6 Be6 52. Bh4 Ba2 53. Kc5 Ke6 54. Kd4 Bb3 55. Ke4 Ba2 56. Bf6 Bb3 57. Kf4 Bd5 58. Kg5 Ba2 59. Kxh5 Bc4 60. Kg4 Ba2 61. Kf4 Kd5 62. Kf5 Bb1+ 63. Kg5 Ba2 64. Kg6 Ke6 65. Kg7 Kd5 1/2-1/2

[Event "French-ch Youth U12 2022"]
[Site "Agen"]
[Date "2022.04.20"]
[Round "5.2"]
[White "Motoyama, Wesley Winsen"]
[Black "Spinosi, Aurelien"]
[Result "1-0"]
[ECO "D02"]
[WhiteElo "1590"]
[BlackElo "1532"]
[Annotator "NA RC COMBH"]
[PlyCount "85"]
[EventDate "2022.04.17"]
[EventType "swiss"]
[EventCountry "FRA"]
[SourceTitle "playchess.com"]
[Source "ChessBase"]
[SourceQuality "1"]
[TimeControl "5400+30"]

1. d4 d5 2. Nf3 Nf6 3. Bf4 e6 4. e3 Be7 5. Bd3 Nbd7 6. Nbd2 a6 7. a4 O-O 8. Ne5 c5 9. c3 h6 10. Qf3 Nxe5 11. dxe5 Nd7 12. h4 f6 13. exf6 Bxf6 14. Qg3 e5 15. Bxh6 e4 16. Be2 Be5 17. Bf4 Bxf4 18. exf4 Qf6 19. Qg5 Qxg5 20. fxg5 Ne5 21. Nb3 c4 22. Nd4 Nd3+ 23. Bxd3 exd3 24. f3 Bd7 25. Kd2 Rae8 26. a5 Re5 27. Rhf1 Rfe8 28. g4 g6 29. Rg1 Kg7 30. Rg2 Rf8 31. Rf1 Rfe8 32. Rh1 Rf8 33. Rgg1 Rfe8 34. f4 Re4 35. f5 Kf7 36. h5 gxf5 37. gxf5 Ba4 38. h6 Re2+ 39. Nxe2 Rxe2+ 40. Kc1 d2+ 41. Kb1 Kg8 42. g6 d1=Q+ 43. Rxd1 1-0